 Dungeon Crawl Stone Soup version bcrawl-1.27.1d (webtiles) character file.

Game seed: 2049771059621490371

139908 Freyura the Poker (level 5, -1/40 HPs)
             Began as a Demonspawn Gladiator on July 19, 2020.
             Slain by an orc priest
             ... wielding a +0 hand axe
              (3 damage)
             ... on level 4 of the Dungeon.
             The game lasted 00:05:57 (2417 turns).

Freyura the Poker (Demonspawn Gladiator)            Turns: 2417, Time: 00:05:58

Health: -1/40      AC:  7    Str: 15    XL:     5   Next: 3%
Magic:  15/15      EV: 13    Int:  9    God:
Gold:   212        SH:  0    Dex: 15    Spells: 4/4 levels left

rFire    + . .     SeeInvis .   a - +0 trident
rCold    . . .     Gourm    .   (no shield)
rNeg     . . .     Faith    .   r - +0 scale mail
rPois    .         Spirit   .   (helmet restricted)
rElec    .         Reflect  .   q - +0 cloak
rCorr    .         Harm     .   (no gloves)
MR       .....                  (no boots)
Stlth    ..........             (no amulet)
HPRegen  0.13/turn              f - ring "Tiadghoe" {+Fly MP+9}
MPRegen  0.14/turn              (no ring)

@: no status effects
A: horns 1, repulsion field 1, fire resistance 1, flame cloud immunity
a: Evoke Flight


You were on level 4 of the Dungeon.
You were very hungry.

You visited 1 branch of the dungeon, and saw 4 of its levels.

You collected 212 gold pieces.

Inventory:

Hand Weapons
 a - a +0 trident (weapon)
Missiles
 d - 3 throwing nets {=f}
Armour
 q - a +0 cloak (worn)
 r - a +0 scale mail (worn)
Jewellery
 f - the ring "Tiadghoe" (left hand) {+Fly MP+9}
   (You found it on level 1 of the Dungeon)

   [ring of flight]

   It affects your magic capacity (+9).
   It lets you fly.
Wands
 i - a wand of scattershot (4)
Scrolls
 b - a scroll of teleportation
 c - a scroll of amnesia {unknown}
 g - 2 scrolls of remove curse
 p - a scroll of immolation
 s - a scroll of magic mapping
Potions
 h - a potion of curing {unknown}
 j - 3 potions of heal wounds
 k - 2 potions of berserk rage {unknown}
 l - a potion of degeneration {unknown}
 m - a potion of resistance {unknown}
 n - 2 potions of haste {unknown}
Comestibles
 e - 8 rations {!d}


   Skills:
 + Level 2.9 Fighting
 + Level 3.4 Polearms
 - Level 1.7 Throwing
 + Level 1.8 Armour
 + Level 3.3 Dodging
 + Level 1.4 Evocations


You had 4 spell levels left.
You didn't know any spells.
Your spell library was empty.

Dungeon Overview and Level Annotations

Branches:
Dungeon (4/12)
 Temple: D:4-7

Altars:

Annotations:
D:3 2 transporters, mmigdal's ghost, amateur OnAc


Innate Abilities, Weirdness & Mutations

You have a pair of small horns on your head.
You are surrounded by a mild repulsion field. (EV +2)
Your flesh is heat resistant. (rF+)
You are immune to clouds of flame.


Message History

You puncture the orc priest! Your headbutt misses the orc priest.
The orc priest is severely wounded.
The orc priest hits you but does no damage.
The orc hits you but does no damage.
You barely miss the orc priest.
The orc priest is severely wounded.
The orc barely misses you.
The orc priest calls down the wrath of Beogh upon you.
You barely resist.
The orc wizard casts a spell.
The orc wizard blinks!
You closely miss the orc priest.
You headbutt the orc priest, but do no damage.
The orc priest is severely wounded.
The orc wizard gestures at you while chanting.
The magic dart hits you.
* * * LOW HITPOINT WARNING * * *
The orc misses you.
The orc priest hits you with a +0 hand axe.
You die...

.... #... #... ...
## ..... ยง.### #..
#....###
#...###.####.#....#
##oo.##...##.#....#
##.@........#......#
#............##....#
#...o........##....#
#.........[..##.....
##.............>###.
##...##...###....#.
########## #......
####### #


You could see an orc priest, an orc wizard and an orc.

Vanquished Creatures
  An orc wizard (D:3)
  3 adders (D:3)
  An adder skeleton (D:4)
  3 worms
  4 leopard geckos
  8 orcs
  8 bats
  5 giant cockroaches
  4 goblins
  9 hobgoblins
  A jackal (D:2)
  A quokka (D:2)
  A ball python (D:3)
  2 frilled lizards (D:3)
  4 kobolds
  6 rats
61 creatures vanquished.

Notes
Turn   | Place    | Note
-------+----------+-------------------------------------------
     0 | D:1      | Freyura the Demonspawn Gladiator began the quest for the
                  | Orb.
     0 | D:1      | Reached XP level 1. HP: 16/16 MP: 1/1
    94 | D:1      | Gained mutation: Your flesh is heat resistant. (rF+)
                  | [demonic ancestry]
    94 | D:1      | Reached XP level 2. HP: 21/22 MP: 2/2
   106 | D:1      | Got a shimmering wooden ring
   107 | D:1      | Identified the ring "Tiadghoe" {+Fly MP+9} (You found it on
                  | level 1 of the Dungeon)
   622 | D:2      | Reached skill level 1 in Armour
   680 | D:2      | Gained mutation: You are surrounded by a mild repulsion
                  | field. (EV +2) [demonic ancestry]
   680 | D:2      | Reached XP level 3. HP: 28/28 MP: 3/3
  1496 | D:3      | Gained mutation: You are immune to clouds of flame.
                  | [demonic ancestry]
  1496 | D:3      | Reached XP level 4. HP: 32/34 MP: 4/4
  1538 | D:3      | Noticed mmigdal's ghost (amateur OnAc)
  1676 | D:3      | Found a transporter.
  1678 | D:3      | Found a transporter.
  1761 | D:3      | Reached skill level 1 in Evocations
  2391 | D:4      | Gained mutation: You have a pair of small horns on your
                  | head. [demonic ancestry]
  2391 | D:4      | Reached XP level 5. HP: 40/40 MP: 6/6
  2417 | D:4      | HP: 2/40 [orc wizard/magic dart (6)]
  2417 | D:4      | Slain by an orc priest

Skill      XL: |  1  2  3  4 |
---------------+-------------+-----
Polearms       | 3 |  3.4
Armour         | 1 |  1.8
Dodging        | 3 |  3.3
Evocations     | 1 |  1.4
Fighting       | |  2.9
Throwing       | |  1.7

Action                   |  1- 3 |  4- 6 || total
-------------------------+-------+-------++-------
Melee: Trident           |   149 |    91 ||   240
       Headbutt          |       |     3 ||     3
  Use: Scroll            |     5 |     1 ||     6
  Eat: Chunk             |     6 |     4 ||    10
Armor: Leather armour    |    29 |       ||    29
       Scale mail        |     6 |    20 ||    26
Dodge: Dodged            |   107 |    51 ||   158
